 Dungeon Crawl Stone Soup version 0.31.0-11-ge490571c62 (webtiles) character file.

Game seed: 8733127393418634584

65 nightchill the Trooper (level 3, -2/34 HPs)
             Began as a Minotaur Fighter on Jan 30, 2024.
             Was an Initiate of Ru.
             Slain by a ribbon worm (3 damage)
             ... on level 5 of the Dungeon.
             The game lasted 00:02:29 (1467 turns).

nightchill the Trooper (Minotaur Fighter)           Turns: 1467, Time: 00:02:29

Health: -2/34      AC:  9    Str: 22    XL:     3   Next: 94%
Magic:  2/2        EV:  5    Int:  5    God:    Ru [......]
Gold:   132        SH:  0    Dex:  9    Spells: 2/2 levels left

rFire   . . .        a - +0 war axe
rCold   . . .        c - +0 buckler
rNeg    . . .        b - +0 scale mail
rPois   .            (helmet restricted)
rElec   .            (no cloak)
rCorr   .            n - +0 pair of gloves
SInv    .            o - +0 pair of boots
Will    .....        (no amulet) Stlth
                     (no ring)
HPRegen 0.25/turn    (no ring)
MPRegen 0.08/turn

%: no passive effects
@: held
A: horns 2, retaliatory headbutt
a: Renounce Religion


You were on level 5 of the Dungeon.
You worshipped Ru.
Ru was noncommittal.
You visited 1 branch of the dungeon, and saw 5 of its levels.

You collected 132 gold pieces.

Inventory:

Hand Weapons
 a - a +0 war axe (weapon)
 r - the +5 woodcutter's axe
   (You found it on level 3 of the Dungeon)
Armour
 b - a +0 scale mail (worn)
 c - a +0 buckler (worn)
 n - a +0 pair of gloves (worn)
 o - a +0 pair of boots (worn)
Jewellery
 q - a ring of see invisible
Scrolls
 e - 2 scrolls of fog {unknown}
 f - a scroll of immolation {unknown}
 g - a scroll of teleportation {unknown}
 i - 2 scrolls of identify {unknown}
 l - a scroll of brand weapon {unknown}
 s - a scroll of enchant weapon {unknown}
Potions
 d - 2 potions of might
 h - a potion of mutation {unknown}
 j - 4 potions of enlightenment {unknown}
 k - a potion of lignification {unknown}
 m - 2 potions of attraction {unknown}
 p - a potion of curing {unknown}


   Skills:
 + Level 4.5 Fighting
 * Level 4.4 Axes
 - Level 3.6 Armour
 - Level 3.6 Shields


You had 2 spell levels left.
You didn't know any spells.
Your spell library contained the following spells:

 Spells                   Type           Power      Damage    Failure   Level
 Apportation              Tloc           0%         N/A       86%         1
 Necrotise                Necr           0%         1d4       86%         1
 Sting                    Conj/Alch      0%         1d3       86%         1
 Summon Small Mammal      Summ           0%         N/A       86%         1
 Cigotuvi's Dreadful Rot  Necr/Alch/Air  0%         N/A       95%         2
 Ignite Poison            Fire/Alch      0%         N/A       100%        4
 Freezing Cloud           Conj/Ice/Air   0%         6-21      100%        5


Dungeon Overview and Level Annotations

Branches:
Dungeon (6/15)
 Temple: D:4-7

Altars:
Ru

Shops:
D:2 (


Innate Abilities, Weirdness & Mutations

You have a pair of horns on your head.
You reflexively headbutt those who attack you in melee.


Message History

The ribbon worm bites you but does no damage.
The ribbon worm expels a string of sticky webbing.
The stream of webbing hits you but does no damage.
You are caught in a web!
The web tears apart.
You block the iguana's attack.
You hit the ribbon worm.
The ribbon worm is severely wounded.
You slash the ribbon worm! You hit the iguana but do no damage.
You hit the ribbon worm.
The ribbon worm bites you but does no damage.
The iguana bites you!
The ribbon worm bites you but does no damage. x2
The ribbon worm bites you.
* * * LOW HITPOINT WARNING * * *
The iguana bites you.
* * * LOW HITPOINT WARNING * * *
The ribbon worm expels a string of sticky webbing.
The stream of webbing hits you but does no damage.
You are caught in a web!
The ribbon worm bites you but does no damage.
You struggle to detach yourself from the web.
The iguana closely misses you.
Unknown command.
The web tears apart.
The ribbon worm bites you.
* * * LOW HITPOINT WARNING * * *
The ribbon worm bites you but does no damage.
The ribbon worm expels a string of sticky webbing.
The stream of webbing hits you but does no damage.
You are caught in a web!
The iguana bites you but does no damage.
The web tears apart.
The ribbon worm closely misses you.
You block the ribbon worm's attack. x2; The iguana bites you!
* * * LOW HITPOINT WARNING * * *
You slash the ribbon worm!
The ribbon worm is almost dead.
You hit the ribbon worm. You hit the iguana. You barely miss the ribbon worm.
The ribbon worm expels a string of sticky webbing.
The stream of webbing hits you but does no damage.
You are caught in a web!
The ribbon worm bites you.
You die...

.. .. . #.
.### $.#
###l###
##w@...##
##..ww...##
#.^..>..^^#
#....^^...^.#
#............#
#.#..^.....$.#
#.#^...^..^.##
. ##.^^.^^.##
##.....##


You could see 3 ribbon worms and an iguana.

Vanquished Creatures
  3 adders
  A ribbon worm (D:2)
  A dart slug (D:3)
  3 ball pythons
  5 endoplasms
  2 goblins
  5 hobgoblins
  3 quokkas
  5 bats
  3 frilled lizards
  A kobold (D:1)
  A rat (D:3)
33 creatures vanquished.

Notes
Turn   | Place    | Note
-------+----------+-------------------------------------------
     0 | D:1      | nightchill the Minotaur Fighter began the quest for the
                  | Orb.
     0 | D:1      | Reached XP level 1. HP: 19/19 MP: 0/0
   351 | D:1      | Reached XP level 2. HP: 21/27 MP: 1/1
   930 | D:2      | Found Waacitau's Weapon Shoppe.
   954 | D:2      | Reached XP level 3. HP: 33/33 MP: 2/2
  1286 | D:3      | Found the +5 woodcutter's axe
  1301 | D:3      | Found a sacrificial altar of Ru.
  1359 | D:3      | Became a worshipper of Ru the Awakened
  1434 | D:3      | You fall into a shaft and drop 3 floors!
  1454 | D:5      | Entered Level 5 of the Dungeon
  1466 | D:5      | HP: 1/34 [iguana (7)]
  1467 | D:5      | Slain by a ribbon worm

Illustrated notes

Levels and vault maps discovered:
D:1:      wheals_arrival_linesprint, layout_loops_ring, hangedman_decor_growths,
          minmay_pentomino_p2
D:2:      layout_rooms, serial_shops, shop
D:3:      layout_rooms, nicolae_ru_awakened_eye, guppyfry_early_lair_pool,
          uniq_terence
D:5:      layout_basic, nicolae_uskayaw_dance_hall,
          cheibrodos_sewer_entry_drain, dreamdust_wishing_well,
          nicolae_wormholes
D:6:      layout_basic, mainiacjoe_ossuary_entry_find_the_door, grunt_potential

Skill      XL: |  1  2  3 |
---------------+----------+-----
Axes           | 3 4 |  4.4
Fighting       | 4 |  4.5
Armour         | |  3.6
Shields        | |  3.6

Action                     || total
---------------------------++-------
  Melee: War axe           ||    78
         Headbutt          ||     5
 Armour: Scale mail        ||    69
  Dodge: Dodged            ||    39
  Block: Buckler           ||    27
